 Dungeon Crawl Stone Soup version 0.26-b1-59-ge38874ec40 (webtiles) character file.

Game seed: 10325961367788362505

196 radhat240 the Firebug (level 5, 22/37 HPs)
             Began as a Gnoll Fire Elementalist on Jan 8, 2021.
             Quit the game on level 3 of the Dungeon.
             The game lasted 00:10:05 (2920 turns).

radhat240 the Firebug (Gnoll Fire Elementalist)     Turns: 2920, Time: 00:10:06

Health: 22/37      AC:  3    Str: 16    XL:     5   Next: 74%
Magic:  8/12       EV: 16    Int: 18    God:
Gold:   37         SH:  0    Dex: 22    Spells: 2/14 levels left

rFire    . . .     SeeInvis .   b - +0 spear
rCold    . . .     Faith    .   (no shield)
rNeg     . . .     Spirit   .   a - +1 robe
rPois    .         Reflect  .   (no helmet)
rElec    .         Harm     .   (no cloak)
rCorr    .         Rampage  .   (no gloves)
Will     .....                  (no boots)
Stlth    +++.......             (no amulet)
HPRegen  0.12/turn              j - +6 ring of dexterity
MPRegen  0.13/turn              i - +6 ring of strength

@: seriously poisoned (22 -> 7)
A: distributed training, fangs 1, strong nose
a: no special abilities


You were on level 3 of the Dungeon.
You visited 1 branch of the dungeon, and saw 3 of its levels.

You collected 37 gold pieces.

Inventory:

Hand Weapons
 b - a +0 spear (weapon)
Armour
 a - a +1 robe (worn)
Jewellery
 i - a +6 ring of strength (right hand)
 j - a +6 ring of dexterity (left hand)
Scrolls
 c - 3 scrolls of teleportation
 d - a scroll of blinking
 g - a scroll of immolation
 h - a scroll of enchant armour
Potions
 f - a potion of lignification


   Skills:
 + Level 1.6 Fighting
 + Level 1.6 Short Blades
 + Level 1.6 Long Blades
 + Level 1.6 Axes
 + Level 1.6 Maces & Flails
 + Level 1.6 Polearms
 + Level 1.6 Staves
 + Level 1.6 Slings
 + Level 1.6 Bows
 + Level 1.6 Crossbows
 + Level 1.6 Throwing
 + Level 1.6 Armour
 + Level 4.8 Dodging
 + Level 4.4 Stealth
 + Level 1.6 Shields
 + Level 1.6 Unarmed Combat
 + Level 5.2 Spellcasting
 + Level 2.4 Conjurations
 + Level 1.3 Hexes
 + Level 1.3 Summonings
 + Level 1.3 Necromancy
 + Level 1.3 Translocations
 + Level 1.3 Transmutations
 + Level 5.6 Fire Magic
 + Level 1.3 Ice Magic
 + Level 1.3 Air Magic
 + Level 1.3 Earth Magic
 + Level 1.3 Poison Magic
 + Level 1.8 Invocations
 + Level 1.6 Evocations


You had 2 spell levels left.
You knew the following spells:

 Your Spells              Type           Power        Failure   Level
a - Foxfire               Conj/Fire      76%          2%          1
b - Fireball              Conj/Fire      9%           56%         5
c - Inner Flame           Hex/Fire       17%          10%         3
d - Conjure Flame         Conj/Fire      19%          8%          3

Your spell library contained the following spells:

 Spells                   Type           Power        Failure   Level
 Sticky Flame             Conj/Fire      19%          24%         4


Dungeon Overview and Level Annotations

Branches:
Dungeon (3/15)

Altars:
Qazlal


Innate Abilities, Weirdness & Mutations

Your experience applies equally to all skills.
You have very sharp teeth.
Your uncanny sense of smell can sniff out nearby items.


Message History

The killer bee stings you but does no damage.
A killer bee comes into view. x2
You hit the killer bee.
You kill the killer bee!
The killer bee misses you.
You conjure some foxfire!
A killer bee comes into view.
The foxfire hits the killer bee.
The killer bee is moderately wounded.
The killer bee stings you.
You are poisoned.
The killer bee poisons you! The killer bee barely misses you.
You conjure some foxfire!
You feel sick.
The foxfire hits the killer bee but does no damage.
The killer bee is moderately wounded.
The killer bee misses you. The killer bee stings you!
You are more poisoned.
The killer bee poisons you! The killer bee closely misses you.
The killer bee completely misses you.
Are you sure you want to abandon this character and quit the game? (Confirm with "yes".)

#### #..
#y#### #
###@yy.#.#
#.vv..#..####
#.#.#<.......
#.#.###..###.
# #.. .# ###
# ∆


You could see 3 killer bees.

Vanquished Creatures
  A killer bee (D:3)
  Jessica (D:2)
  A worker ant (D:2)
  Robin (D:2)
  5 adders (D:2)
  A leopard gecko (D:1)
  3 bats (D:2)
  3 giant cockroaches
  7 hobgoblins
  5 kobolds
  A ball python (D:1)
  2 frilled lizards
  17 goblins
  A rat (D:1)
49 creatures vanquished.

Vanquished Creatures (others)
  184 foxfires
184 creatures vanquished.

Grand Total: 233 creatures vanquished

Notes
Turn   | Place    | Note
-------+----------+-------------------------------------------
     0 | D:1      | radhat240 the Gnoll Fire Elementalist began the quest for
                  | the Orb.
     0 | D:1      | Reached XP level 1. HP: 13/13 MP: 6/6
   158 | D:1      | Reached XP level 2. HP: 19/19 MP: 1/7
  1165 | D:2      | Reached skill level 5 in Spellcasting
  1165 | D:2      | Reached XP level 3. HP: 25/25 MP: 0/9
  1478 | D:2      | Reached skill level 1 in Invocations
  1491 | D:2      | Noticed Robin
  1491 | D:2      | HP: 1/25 [poisoned by an adder]
  1506 | D:2      | Reached skill level 1 in Fighting
  1506 | D:2      | Reached skill level 1 in Short Blades
  1506 | D:2      | Reached skill level 1 in Long Blades
  1506 | D:2      | Reached skill level 1 in Axes
  1506 | D:2      | Reached skill level 1 in Maces & Flails
  1506 | D:2      | Reached skill level 1 in Polearms
  1506 | D:2      | Reached skill level 1 in Staves
  1506 | D:2      | Reached skill level 1 in Slings
  1506 | D:2      | Reached skill level 1 in Bows
  1506 | D:2      | Reached skill level 1 in Crossbows
  1506 | D:2      | Reached skill level 1 in Throwing
  1506 | D:2      | Reached skill level 1 in Armour
  1506 | D:2      | Reached skill level 1 in Shields
  1506 | D:2      | Reached skill level 1 in Unarmed Combat
  1506 | D:2      | Reached skill level 1 in Evocations
  1510 | D:2      | Killed Robin
  1511 | D:2      | Reached XP level 4. HP: 27/32 MP: 0/11
  1515 | D:2      | Noticed Jessica
  1528 | D:2      | Killed Jessica
  1529 | D:2      | Reached skill level 1 in Hexes
  1529 | D:2      | Reached skill level 1 in Summonings
  1529 | D:2      | Reached skill level 1 in Necromancy
  1529 | D:2      | Reached skill level 1 in Translocations
  1529 | D:2      | Reached skill level 1 in Transmutations
  1529 | D:2      | Reached skill level 1 in Ice Magic
  1529 | D:2      | Reached skill level 1 in Air Magic
  1529 | D:2      | Reached skill level 1 in Earth Magic
  1529 | D:2      | Reached skill level 1 in Poison Magic
  1729 | D:2      | Found a stormy altar of Qazlal.
  1731 | D:2      | Noticed a fire elemental
  1732 | D:2      | Noticed a water elemental
  1732 | D:2      | Noticed an earth elemental
  1732 | D:2      | Noticed an air elemental
  2337 | D:2      | Reached XP level 5. HP: 37/37 MP: 8/12
  2343 | D:2      | Learned a level 5 spell: Fireball
  2347 | D:2      | Learned a level 3 spell: Inner Flame
  2352 | D:2      | Learned a level 3 spell: Conjure Flame
  2920 | D:3      | Quit the game

Illustrated notes

Levels and vault maps discovered:
D:1:      lightli_arrival_lavapool, layout_loops_corners, due_unseen_surprise
D:2:      layout_basic, minmay_tree_intersection, minmay_crystal_room,
          nicolae_qazlal_style_of_elements, uniq_robin, uniq_jessica
D:3:      layout_loops_cross, tgw_sif, old_standard_altar

Skill      XL: |  1  2  3  4 |
---------------+-------------+-----
Conjurations   | 2 |  2.4
Spellcasting   | 5 |  5.2
Invocations    | 1 |  1.8
Fighting       | 1 |  1.6
Short Blades   | 1 |  1.6
Long Blades    | 1 |  1.6
Axes           | 1 |  1.6
Maces & Flails | 1 |  1.6
Polearms       | 1 |  1.6
Staves         | 1 |  1.6
Slings         | 1 |  1.6
Bows           | 1 |  1.6
Crossbows      | 1 |  1.6
Throwing       | 1 |  1.6
Armour         | 1 |  1.6
Shields        | 1 |  1.6
Unarmed Combat | 1 |  1.6
Evocations     | 1 |  1.6
Hexes          | 1 |  1.3
Summonings     | 1 |  1.3
Necromancy     | 1 |  1.3
Translocations | 1 |  1.3
Transmutations | 1 |  1.3
Ice Magic      | 1 |  1.3
Air Magic      | 1 |  1.3
Earth Magic    | 1 |  1.3
Poison Magic   | 1 |  1.3
Dodging        | |  4.8
Stealth        | |  4.4
Fire Magic     | |  5.6

Action                   |  1- 3 |  4- 6 || total
-------------------------+-------+-------++-------
Melee: Unarmed           |     4 |       ||     4
       Spear             |    16 |    24 ||    40
       Bite              |     2 |     3 ||     5
 Cast: Foxfire           |    70 |    60 ||   130
       Fireball          |       |     1 ||     1
       Conjure Flame     |       |     1 ||     1
       Inner Flame       |       |     1 ||     1
  Use: Scroll            |     5 |     3 ||     8
       Potion            |     1 |     1 ||     2
Armor: Robe              |     3 |     5 ||     8
Dodge: Dodged            |    19 |    24 ||    43
